 Dungeon Crawl Stone Soup version 0.29-a0-380-gf50f0a9fbc (webtiles) character file.

Game seed: 16644545890725002664

493 Antichthon the Bolt Thrower (level 7, -5/54 HPs)
             Began as a Formicid Abyssal Knight on May 5, 2022.
             Was a Priest of Lugonu.
             Hit by a boomerang thrown by an orc warrior (13 damage)
             ... on level 5 of the Dungeon.
             The game lasted 00:08:57 (5594 turns).

Antichthon the Bolt Thrower (FoAK)                  Turns: 5594, Time: 00:08:57

Health: -5/54      AC: 11    Str: 18    XL:     7   Next: 37%
Magic:  7/8        EV:  7    Int:  9    God:    Lugonu [***...]
Gold:   202        SH:  0    Dex: 11    Spells: 6/6 levels left

rFire   . . .      SeeInvis +   a - +1 long sword
rCold   . . .      Faith    .   (no shield)
rNeg    . . .      Spirit   .   q - +0 chain mail
rPois   +          Reflect  .   (helmet unavailable)
rElec   .          Harm     .   (no cloak)
rCorr   .          Rampage  .   i - +1 pair of gloves
Will    +....                   (no boots)
Stlth   ..........              (no amulet)
HPRegen 0.18/turn               r - ring of poison resistance
MPRegen 0.11/turn               d - ring of willpower

@: no status effects
A: permanent stasis, dig shafts and tunnels, antennae 3, four strong arms,
clumsy 1
a: Dig, Shaft Self, Renounce Religion, Depart the Abyss, Bend Space, Banish


You were on level 5 of the Dungeon.
You worshipped Lugonu.
Lugonu was most pleased with you.
You visited 1 branch of the dungeon, and saw 5 of its levels.
You visited the Abyss 1 time.

You collected 202 gold pieces.

Inventory:

Hand Weapons
 a - a +1 long sword (weapon)
Armour
 i - a +1 pair of gloves (worn)
 q - a +0 chain mail (worn)
Jewellery
 d - a ring of willpower (right hand)
 r - a ring of poison resistance (left hand)
Wands
 e - a wand of flame (46)
 k - a wand of digging (6)
Scrolls
 b - a scroll of poison
 j - a scroll of enchant weapon
Potions
 c - a potion of berserk rage {unknown}
 l - a potion of curing {unknown}
 n - 2 potions of brilliance
 o - a potion of heal wounds {unknown}
 u - a potion of haste {unknown}
 v - a potion of flight {unknown}


   Skills:
 * Level 4.0 Fighting
 * Level 3.2 Long Blades
 * Level 5.2 Crossbows
 * Level 2.9 Armour
 * Level 1.2 Dodging
 * Level 1.3 Stealth
 * Level 1.1 Shields
 * Level 2.6 Invocations
 * Level 1.0 Evocations


You had 6 spell levels left.
You didn't know any spells.
Your spell library contained the following spells:

 Spells                   Type           Power      Damage    Failure   Level
 Sublimation of Blood     Necr           0%         N/A       100%        2
 Frozen Ramparts          Ice            0%         1d2       100%        3
 Ice Form                 Ice/Tmut       0%         N/A       100%        4
 Petrify                  Tmut/Erth      0%         N/A       100%        4
 Summon Ice Beast         Ice/Summ       0%         N/A       100%        4
 Irradiate                Conj/Tmut      0%         3d13      100%        5


Dungeon Overview and Level Annotations

Branches:
Dungeon (5/15)
 Temple: D:4-7

Altars:
Sif Muna

Shops:
D:1 (


Innate Abilities, Weirdness & Mutations

You cannot be hasted, slowed, berserked, paralysed or teleported.
You can dig through walls and to a lower floor.
You have a pair of large antennae on your head. (SInv)
Your four strong arms can wield two-handed weapons with a shield.
You are clumsy. (Dex -2)


Message History

You barely miss the orc.
The orc is moderately wounded.
The orc hits you but does no damage.
You barely miss the orc.
The orc is moderately wounded.
The orc barely misses you. x2
You slash the orc!
You kill the orc!
Lugonu accepts your kill.
You barely miss the orc. The orc hits you but does no damage.
You hit the orc.
The orc is moderately wounded.
The orc hits you with a +3 dagger.
You barely miss the orc.
The orc is moderately wounded.
The orc closely misses you.
You barely miss the orc warrior.
The orc warrior hits you but does no damage.
You closely miss the orc warrior. The orc warrior barely misses you.
You slash the orc warrior!
The orc warrior is moderately wounded.
The orc warrior hits you with a +0 flail.
You hit the orc warrior but do no damage.
The orc warrior is moderately wounded.
The orc warrior hits you with a +0 flail!
You hit the orc warrior.
The orc warrior is moderately wounded.
The orc warrior hits you with a +0 flail.
The orc warrior hits you with a +0 flail!
You hit the orc warrior.
The orc warrior is heavily wounded.
The orc warrior hits you with a +0 flail!
* * * LOW HITPOINT WARNING * * *
Okay, then.
Unknown command.
Space bends violently around you!
You blink.
The orc warrior throws a boomerang.
The boomerang hits you.
* * * LOW HITPOINT WARNING * * *
The orc warrior throws a boomerang.
The boomerang hits you!
You die...

##...## ####.## #
##)## #.# #
#######.## #.# #
#......oo# #.# #
#.#####..####### #.#
# ###.........# #.# #
#.......###.#####.# #
....#...#...........#
#
.####......@..#######
# ##..####### # #..#
# ....# ###.## #. #.
#.


You could see an orc warrior and an orc.

Vanquished Creatures
  A black bear (D:4)
  A centaur (D:4)
  A scorpion (D:4)
  An orc priest (D:5)
  An iguana (D:4)
  4 gnolls (D:1)
  6 adders
  2 worms
  5 dart slugs
  15 orcs
  8 ball pythons
  7 endoplasms
  3 giant cockroaches
  9 goblins
  7 hobgoblins
  4 jackals (D:3)
  A bat (D:1)
  5 frilled lizards
  8 kobolds
  5 rats
94 creatures vanquished.

Notes
Turn   | Place    | Note
-------+----------+-------------------------------------------
     0 | Abyss:1  | Antichthon the Formicid Abyssal Knight began the quest for
                  | the Orb.
     0 | Abyss:1  | Reached XP level 1. HP: 18/18 MP: 2/2
     0 | D:1      | Escaped the Abyss
    54 | D:1      | Reached skill level 1 in Crossbows
   196 | D:1      | Reached XP level 2. HP: 24/24 MP: 3/3
   208 | D:1      | Reached ** piety under Lugonu
   287 | D:1      | Found a faded altar of an unknown god.
   289 | D:1      | Found Yshraonu's Antique Weapon Boutique.
   497 | D:1      | Reached skill level 2 in Crossbows
   817 | D:1      | Reached XP level 3. HP: 29/29 MP: 4/4
   836 | D:2      | Found a shimmering blue altar of Sif Muna.
  1105 | D:2      | Reached skill level 3 in Crossbows
  1414 | D:2      | Reached XP level 4. HP: 18/35 MP: 5/5
  2228 | D:1      | Reached skill level 4 in Crossbows
  2650 | D:3      | Reached XP level 5. HP: 32/41 MP: 6/6
  3249 | D:3      | Reached *** piety under Lugonu
  3642 | D:3      | Reached skill level 5 in Crossbows
  3647 | D:3      | Gained mutation: Potions are less effective at restoring
                  | your health. [potion of mutation]
  3647 | D:3      | Gained mutation: You are somewhat resistant to further
                  | mutation. [potion of mutation]
  3648 | D:3      | Lost mutation: You are somewhat resistant to further
                  | mutation. [potion of mutation]
  3648 | D:3      | Lost mutation: Potions are less effective at restoring your
                  | health. [potion of mutation]
  3648 | D:3      | Gained mutation: You are clumsy. (Dex -2) [potion of
                  | mutation]
  3724 | D:4      | Reached skill level 1 in Dodging
  3724 | D:4      | Reached XP level 6. HP: 44/47 MP: 7/7
  4278 | D:4      | Noticed a black bear
  4295 | D:4      | HP: 1/48 [black bear (3)]
  4296 | D:4      | Killed a black bear
  4297 | D:4      | Reached skill level 1 in Stealth
  4297 | D:4      | Reached skill level 1 in Shields
  4297 | D:4      | Reached skill level 1 in Evocations
  4297 | D:4      | Reached XP level 7. HP: 1/54 MP: 8/8
  4805 | D:5      | Entered Level 5 of the Dungeon
  5594 | D:5      | Hit by a boomerang thrown by an orc warrior

Illustrated notes

Levels and vault maps discovered:
D:1:      psy_arrival_fountain, layout_basic, basic_ecumenical_altar,
          serial_shops, shop
D:2:      layout_rooms, basic_altar, dk_vineyard_2, nicolae_figureground_pulse
D:3:      layout_basic, dreamdust_mushroom_princess
D:4:      layout_loops_ring, minmay_checkerbox, uniq_pikel
D:5:      layout_loops_corners, chequers_serial_rivers_marsh

Skill      XL: |  1  2  3  4  5  6 |
---------------+-------------------+-----
Crossbows      | 1 2 3 4 5 |  5.2
Dodging        | 1 |  1.2
Fighting       | 4 |  4.0
Long Blades    | 3 |  3.2
Stealth        | 1 |  1.3
Shields        | 1 |  1.1
Evocations     | 1 |  1.0
Armour         | |  2.9
Invocations    | |  2.6

Action                   |  1- 3 |  4- 6 |  7- 9 || total
-------------------------+-------+-------+-------++-------
Melee: Falchion          |    92 |     9 |       ||   101
       Punch             |     1 |     2 |     1 ||     4
       Long sword        |       |   198 |    67 ||   265
Invok: Depart the Abyss  |     1 |       |       ||     1
       Bend Space        |       |       |     1 ||     1
  Use: Scroll            |       |     9 |     4 ||    13
       Potion            |       |     3 |       ||     3
Armor: Ring mail         |    37 |    37 |       ||    74
       Leather armour    |     2 |       |       ||     2
       Chain mail        |       |   152 |    36 ||   188
Dodge: Dodged            |    48 |   129 |    19 ||   196

Table legend: (Time is in decaauts)
 A = Elapsed time spent in this place.
 B = Non-inter-level travel time spent in this place.
 C = Inter-level travel time spent in this place.
 D = Time resting spent in this place.
 E = Time spent auto-exploring this place.
 F = Levels seen in this place.
 G = Mean time per level.
                   A        B        C        D        E       F      G
               +--------+--------+--------+--------+--------+-----+--------+
         Total |   5697 |   5598 |     99 |   1693 |   2449 |   6 |  949.5 |
       Dungeon |   5697 |   5598 |     99 |   1693 |   2449 |   5 | 1139.4 |
         Abyss |      0 |      0 |      0 |      0 |      0 |   1 |    0.0 |
               +--------+--------+--------+--------+--------+-----+--------+

Top non-repeatable levels by time:
     D:1: 1361 daAuts
     D:4: 1330 daAuts
     D:2: 1255 daAuts
     D:3: 1072 daAuts
     D:5: 678 daAuts
